 Dungeon Crawl Stone Soup version 0.23.0-2-g0fe3ce5 (webtiles) character file.

Game seed: 5378522951871190147

6291 Kilermekov the Slicer (level 10, -4/80 HPs)
             Began as a Demonspawn Gladiator on Feb 19, 2019.
             Slain by a death yak (24 damage)
             ... on level 8 of the Dungeon.
             The game lasted 00:18:51 (7121 turns).

Kilermekov the Slicer (Demonspawn Gladiator)        Turns: 7121, Time: 00:18:51

Health: -4/80      AC:  8    Str: 14    XL:     10   Next: 63%
Magic:  0/19       EV: 17    Int: 10    God:
Gold:   493        SH:  0    Dex: 18    Spells: 9/9 levels left

rFire    . . .     SeeInvis .   v - +1 rapier (elec)
rCold    . . .     Gourm    .   (no shield)
rNeg     . . .     Faith    .   c - +0 troll leather armour
rPois    .         Spirit   +   (helmet restricted)
rElec    .         Reflect  .   (no cloak)
rCorr    .         Harm     .   (no gloves)
MR       +....                  (no boots)
Stlth    +.........             h - amulet of guardian spirit
HPRegen  0.63/turn              s - ring of magical power
MPRegen  0.16/turn              H - ring of protection from magic

@: no status effects
A: antennae 1, iridescent scales 2, demonic guardian 2, spiny 1
a: no special abilities


You were on level 8 of the Dungeon.
You were not hungry.

You visited 1 branch of the dungeon, and saw 8 of its levels.
You also visited: Bailey.

You collected 493 gold pieces.

Inventory:

Hand Weapons
 v - a +1 rapier of electrocution (weapon)
 I - a +5 battleaxe
Missiles
 d - 6 throwing nets (quivered)
Armour
 b - a +0 leather armour
 c - a +0 troll leather armour (worn)
Jewellery
 h - an amulet of guardian spirit (around neck)
 o - an uncursed ring of magical power
 s - a ring of magical power (left hand)
 t - an uncursed ring of positive energy
 C - an uncursed amulet of magic regeneration {unknown}
 F - a cursed amulet of inaccuracy {unknown}
 H - a ring of protection from magic (right hand)
Wands
 u - a wand of random effects (8)
 E - a wand of disintegration (10)
Scrolls
 e - 5 scrolls of identify {unknown}
 k - 5 scrolls of remove curse {unknown}
 q - 6 scrolls of teleportation {unknown}
 r - 2 scrolls of amnesia {unknown}
 x - 4 scrolls of magic mapping {unknown}
 y - a scroll of immolation {unknown}
 A - a scroll of torment {unknown}
 D - a scroll of vulnerability {unknown}
Potions
 a - a potion of resistance {unknown}
 g - a potion of heal wounds
 i - 2 potions of curing {unknown}
 j - a potion of agility {unknown}
 l - 3 potions of haste {unknown}
 m - 2 potions of lignification {unknown}
 n - a potion of degeneration {unknown}
 p - 2 potions of ambrosia {unknown}
 w - a potion of magic {unknown}
 z - a potion of cancellation {unknown}
 B - a potion of berserk rage {unknown}
Comestibles
 f - 16 rations
 G - a chunk of flesh


   Skills:
 + Level 7.8 Fighting
 * Level 11.0 Short Blades
 - Level 2.6 Axes
 - Level 1.7 Throwing
 + Level 7.5 Dodging


You had 9 spell levels left.
You didn't know any spells.
Your spell library was empty.

Dungeon Overview and Level Annotations

Branches:
Dungeon (8/15)             Temple (0/1) D:7            Lair (0/6) D:8

Altars:
Elyvilon
Fedhas
Gozag
Kikubaaqudgha
Makhleb
Nemelex Xobeh
Qazlal
Ru
Sif Muna
Yredelemnul
Zin

Shops:
D:7 :![=


Innate Abilities, Weirdness & Mutations

You have a pair of small antennae on your head.
You are mostly covered in iridescent scales. (AC +4)
A demonic guardian rushes to your aid.
You are partially covered in sharp spines.


Message History

Your ice devil hits the yak!
Your ice devil freezes the yak!
The yak snorts and paws the ground.
The yak gores your ice devil!
Your ice devil dies!
The yak bellows!
The death yak barely misses you. The yak completely misses you.
You see here a death yak corpse.
You hit the death yak but do no damage.
The death yak is almost dead.
The death yak gores you!
* * * LOW HITPOINT WARNING * * *
You hit the death yak.
Lightning courses through the death yak!!
You kill the death yak!
The yak closely misses you.
The crimson imp blinks!
You hit the yak. Lightning courses through the yak!
You kill the yak!
Your Short Blades skill increases to level 11!
The death yak seems less drained.
The death yak gores you!!
You die...

#.#...#..## #.##.##..#### #
#......... #.
#........##.###....>.... #.
####......#........ยง....
#. ##........# .)..#....#
#........##..### #.........
########.##..### #.Z......#
...............###FW.......
##.###.#.##.#...@Y#...#
##.#........#..##.YO?.#
##.#.#.#.####..########
##...).#.......#
.#.....#######.# )#.<...#
#...# )#.....# #.###
.#.....# #.# .####### #.#


You could see a death yak, a yak, a phantom, an ogre, a bullfrog and a centaur
skeleton.

Vanquished Creatures
  2 two-headed ogres
  3 death yaks (D:8)
  Pikel (D:7)
  A troll (D:8)
  Grinder (D:3)
  A yak (D:8)
  An orc warrior (D:6)
  A slave (D:7)
  An ice beast (D:6)
  A sky beast (D:5)
  2 black bears (D:6)
  4 ogres
  5 centaurs
  A bullfrog (D:6)
  A gnoll sergeant (D:4)
  3 wights (D:8)
  A crimson imp (D:5)
  A quasit (D:6)
  2 hounds
  A bullfrog skeleton (D:6)
  4 orc priests
  2 iguanas
  3 orc wizards
  7 worker ants
  A worker ant zombie (D:5)
  7 gnolls
  7 adders
  An ooze (D:1)
  2 adder skeletons
  5 worms
  5 dart slugs
  4 leopard geckos
  17 orcs
  5 giant cockroaches
  8 goblins
  10 hobgoblins
  7 jackals
  3 quokkas
  A ball python (D:7)
  13 bats
  9 frilled lizards
  11 kobolds
  A leopard gecko zombie (D:3)
  4 rats
171 creatures vanquished.

Vanquished Creatures (collateral kills)
  A death yak (D:8)
  An ogre (D:6)
2 creatures vanquished.

Grand Total: 173 creatures vanquished

Notes
Turn   | Place    | Note
-------+----------+-------------------------------------------
     0 | D:1      | Kilermekov the Demonspawn Gladiator began the quest for the
                  | Orb.
     0 | D:1      | Reached XP level 1. HP: 16/16 MP: 1/1
   102 | D:1      | Gained mutation: You are partially covered in sharp spines.
                  | [demonic ancestry]
   102 | D:1      | Reached XP level 2. HP: 11/22 MP: 2/2
   582 | D:1      | Reached XP level 3. HP: 27/28 MP: 3/3
  1504 | D:2      | Gained mutation: You have a pair of small antennae on your
                  | head. [demonic ancestry]
  1504 | D:2      | Reached XP level 4. HP: 33/34 MP: 4/4
  2828 | D:3      | Gained mutation: You are partially covered in iridescent
                  | scales. (AC +2) [demonic ancestry]
  2828 | D:3      | Reached XP level 5. HP: 26/41 MP: 5/5
  3168 | D:3      | Noticed Grinder
  3175 | D:3      | Paralysed by Grinder for 5 turns
  3195 | D:3      | Paralysed by Grinder for 7 turns
  3209 | D:3      | Paralysed by Grinder for 2 turns
  3213 | D:3      | Killed Grinder
  3213 | D:3      | Reached skill level 1 in Short Blades
  3213 | D:3      | Reached skill level 5 in Dodging
  3213 | D:3      | Reached XP level 6. HP: 11/49 MP: 5/6
  3680 | D:4      | Reached skill level 2 in Short Blades
  3680 | D:4      | Gained mutation: You are mostly covered in iridescent
                  | scales. (AC +4) [demonic ancestry]
  3680 | D:4      | Reached XP level 7. HP: 38/55 MP: 7/7
  4018 | D:4      | Reached skill level 5 in Fighting
  4272 | D:4      | Found a white marble altar of Elyvilon.
  4576 | D:5      | Entered Level 5 of the Dungeon
  4720 | D:5      | Reached skill level 3 in Short Blades
  4737 | D:5      | Noticed a two-headed ogre
  4740 | D:5      | Killed a two-headed ogre
  4740 | D:5      | Reached skill level 5 in Short Blades
  4740 | D:5      | Reached XP level 8. HP: 56/64 MP: 8/8
  4824 | D:5      | Found an opulent altar of Gozag.
  5081 | D:6      | Reached skill level 6 in Short Blades
  5153 | D:6      | Gained mutation: A weak demonic guardian rushes to your
                  | aid. [demonic ancestry]
  5153 | D:6      | Reached XP level 9. HP: 71/71 MP: 9/9
  5282 | D:6      | Reached skill level 7 in Short Blades
  5623 | D:6      | Found a stormy altar of Qazlal.
  5629 | D:6      | Found a blossoming altar of Fedhas.
  6145 | D:7      | Found a staircase to the Ecumenical Temple.
  6146 | D:7      | Found Amudobem's Book Shop.
  6147 | D:7      | Found Argholue's Antique Armour Shop.
  6165 | D:7      | Found Norezuprupn's Distillery.
  6166 | D:7      | Found Wampiz's Jewellery Shop.
  6178 | D:7      | Found a flagged portal.
  6191 | Bailey   | Entered a bailey
  6243 | D:7      | Found a sacrificial altar of Ru.
  6286 | D:7      | Noticed Pikel
  6297 | D:7      | Killed Pikel
  6297 | D:7      | Reached skill level 8 in Short Blades
  6511 | D:7      | Found an ancient bone altar of Kikubaaqudgha.
  6512 | D:7      | Found a sparkling altar of Nemelex Xobeh.
  6512 | D:7      | Found a burning altar of Makhleb.
  6513 | D:7      | Found a glowing silver altar of Zin.
  6835 | D:7      | Found a deep blue altar of Sif Muna.
  6835 | D:7      | Found a basalt altar of Yredelemnul.
  6938 | D:8      | Noticed a troll
  6944 | D:8      | Killed a troll
  6944 | D:8      | Reached skill level 9 in Short Blades
  7013 | D:8      | Noticed a two-headed ogre
  7019 | D:8      | Killed a two-headed ogre
  7019 | D:8      | Gained mutation: A demonic guardian rushes to your aid.
                  | [demonic ancestry]
  7019 | D:8      | Reached XP level 10. HP: 79/79 MP: 10/10
  7064 | D:8      | Noticed a death yak
  7064 | D:8      | Noticed a death yak
  7064 | D:8      | Noticed a death yak
  7065 | D:8      | Found a staircase to the Lair.
  7065 | D:8      | Noticed a death yak
  7066 | D:8      | Noticed a death yak
  7089 | D:8      | Killed a death yak
  7089 | D:8      | Reached skill level 10 in Short Blades
  7092 | D:8      | Killed a death yak
  7107 | D:8      | Killed a death yak
  7115 | D:8      | HP: 2/80 [death yak (19)]
  7120 | D:8      | Killed a death yak
  7121 | D:8      | Reached skill level 11 in Short Blades
  7121 | D:8      | Slain by a death yak

Skill      XL: |  1  2  3  4  5  6  7  8  9 10 |
---------------+-------------------------------+-----
Dodging        | 3 4 5 6 7 |  7.5
Fighting       | 3 4 6 7 |  7.8
Short Blades   | 1 2 5 6 9 11 | 11.0
Axes           | |  2.6
Throwing       | |  1.7

Action                   |  1- 3 |  4- 6 |  7- 9 | 10-12 || total
-------------------------+-------+-------+-------+-------++-------
Melee: War axe           |    94 |    68 |       |       ||   162
       Rapier            |       |    42 |   195 |    35 ||   272
  Use: Potion            |       |       |       |     3 ||     3
 Stab: Sleeping          |     1 |     1 |     2 |       ||     4
       Distracted        |       |       |     1 |     1 ||     2
       Invisible         |       |       |     1 |       ||     1
       Paralysed         |       |       |     1 |       ||     1
  Eat: Chunk             |     2 |     5 |     9 |       ||    16
       Ration            |       |     1 |       |       ||     1
Armor: Leather armour    |    21 |    18 |    38 |       ||    77
       Troll leather arm |       |       |       |     3 ||     3
Dodge: Dodged            |    74 |    60 |   139 |    21 ||   294
